 Dungeon Crawl Stone Soup version 0.29.1-1-gd02db6906a (webtiles) character file.

Game seed: 937546466120644649

10459 Icepheonix32 the Fighter (level 11, -1/111 HPs)
             Began as a Minotaur Fighter on Sept 19, 2022.
             Was a Believer of Makhleb.
             Killed by mirror damage (9 damage)
             ... on level 11 of the Dungeon.
             The game lasted 00:14:23 (10135 turns).

Icepheonix32 the Fighter (Minotaur Fighter)        Turns: 10135, Time: 00:14:23

Health: -1/111     AC: 18    Str: 22    XL:     11   Next: 36%
Magic:  0/10       EV: 18    Int:  7    God:    Makhleb [**....]
Gold:   191        SH:  0    Dex: 28    Spells: 10/10 levels left

rFire   . . .      SeeInvis +   D - +7 flail (drain)
rCold   . . .      Faith    .   (no shield)
rNeg    . . .      Spirit   +   H - +5 robe of Night {Dark Will+ SInv}
rPois   .          Reflect  .   (helmet restricted)
rElec   .          Harm     .   w - +1 cloak
rCorr   .          Rampage  .   (no gloves)
Will    .....                   h - +4 pair of boots of a Hundred Demons {+Inv Dex+6 Slay+2}
Stlth   +++.......              o - amulet of guardian spirit
HPRegen 0.28/turn               q - +4 ring of protection
MPRegen 0.12/turn               j - ring "Kammyorgh" {+Blink Will- Int+3 Dex+6}

@: mighty
A: horns 2, retaliatory headbutt, agile 1, deformed body, mutation resistance 1,
robust 1
a: Renounce Religion, Evoke Blink, Evoke Invisibility, Minor Destruction


You were on level 11 of the Dungeon.
You worshipped Makhleb.
Makhleb was pleased with you.
You visited 2 branches of the dungeon, and saw 12 of its levels.

You collected 548 gold pieces.
You spent 357 gold pieces at shops.

Inventory:

Hand Weapons
 D - a +7 flail of draining (weapon)
 L - a +2 morningstar of protection
 M - a +2 dire flail of holy wrath
Missiles
 B - a throwing net (quivered)
 C - 2 javelins
Armour
 b - a +0 scale mail
 c - a +0 buckler
 h - the +4 pair of boots of a Hundred Demons (worn) {+Inv Dex+6 Slay+2}
   (You found it on level 2 of the Dungeon)

   Dex:       It affects your dexterity (+6).
   Slay:      It affects your accuracy & damage with ranged weapons and melee
   (+2).
   +Inv:      It lets you turn invisible.
 k - a +0 chain mail
 p - a +0 tower shield
 w - a +1 cloak (worn)
 H - the +5 robe of Night (worn) {Dark Will+ SInv}
   (You found it on level 9 of the Dungeon)

   It shrouds the wearer in darkness, reducing the range at which they can see
   and be seen by others.
   SInv:      It lets you see invisible.
   Will:      It increases your willpower.
Jewellery
 g - a ring of willpower
 j - the ring "Kammyorgh" (right hand) {+Blink Will- Int+3 Dex+6}
   (You took it off a kobold on level 2 of the Dungeon)

   [ring of dexterity]

   Int:       It affects your intelligence (+3).
   Dex:       It affects your dexterity (+6).
   +Blink:    It lets you blink.
   Will:      It decreases your willpower.
 o - an amulet of guardian spirit (around neck)
 q - a +4 ring of protection (left hand)
 G - a ring of protection from fire
Wands
 l - a wand of charming (21)
 n - a wand of light (6)
 r - a wand of iceblast (17)
 J - a wand of flame (8)
Scrolls
 a - a scroll of magic mapping
 e - 2 scrolls of amnesia
 x - a scroll of silence
 z - a scroll of immolation
 F - a scroll of summoning
 I - a scroll of teleportation
Potions
 f - 2 potions of brilliance
 i - 5 potions of attraction
 m - 10 potions of curing
 s - a potion of cancellation
 t - 2 potions of flight
 K - a potion of haste


   Skills:
 * Level 10.6 Fighting
 - Level 7.4(10.0) Axes
 + Level 10.4(11.4) Maces & Flails
 - Level 7.3 Armour
 * Level 6.2 Dodging
 + Level 1.6 Stealth
 + Level 7.0 Shields
 * Level 6.7 Evocations


You had 10 spell levels left.
You didn't know any spells.
Your spell library contained the following spells:

 Spells                   Type           Power      Damage    Failure   Level
 Sandblast                Erth           0%         2d4       43%         1
 Ensorcelled Hibernation  Hex/Ice        0%         N/A       56%         2
 Passwall                 Tmut/Erth      0%         N/A       56%         2
 Sublimation of Blood     Necr           0%         N/A       56%         2
 Wereblood                Tmut           0%         N/A       56%         2
 Frozen Ramparts          Ice            0%         1d1       80%         3
 Ozocubu's Armour         Ice            0%         N/A       80%         3
 Portal Projectile        Hex/Tloc       0%         N/A       80%         3
 Stone Arrow              Conj/Erth      0%         3d7       80%         3
 Swiftness                Air            0%         N/A       80%         3
 Tukima's Dance           Hex            0%         N/A       80%         3
 Hailstorm                Conj/Ice       0%         3d3       99%         4
 Ice Form                 Ice/Tmut       0%         N/A       99%         4
 Passage of Golubria      Tloc           0%         N/A       99%         4
 Sticky Flame             Conj/Fire      0%         2d3       99%         4
 Summon Ice Beast         Ice/Summ       0%         N/A       99%         4
 Blade Hands              Tmut           0%         N/A       100%        5
 Fireball                 Conj/Fire      0%         3d3       100%        5
 Irradiate                Conj/Tmut      0%         3d11      100%        5
 Iskenderun's Battlesphe  Conj           0%         2d6       100%        5
 Yara's Violent Unravell  Hex/Tmut       0%         3d3       100%        5
 Conjure Ball Lightning   Conj/Air       0%         3x3d6     100%        6
 Orb of Destruction       Conj           0%         9d5       100%        7
 Ozocubu's Refrigeration  Ice            0%         4d7       100%        7
 Summon Hydra             Summ           0%         N/A       100%        7


Dungeon Overview and Level Annotations

Branches:
Dungeon (11/15)            Temple (1/1) D:6            Lair (0/5) D:9
    Orc: D:9-12

Altars:
Ashenzari
Cheibriados
Dithmenos
Elyvilon
Fedhas
Gozag
Hepliaklqana
Kikubaaqudgha
Makhleb
Nemelex Xobeh
Okawaru
Qazlal
Ru
Sif Muna
Trog
Uskayaw
Vehumet
Wu Jian
Xom
Yredelemnul
Zin
The Shining One

Shops:
D:5 ?   D:6 (   D:7 (


Innate Abilities, Weirdness & Mutations

You have a pair of horns on your head.
You reflexively headbutt those who attack you in melee.
You are agile. (Dex +4, Str/Int -1)
Armour fits poorly on your strangely shaped body.
You are somewhat resistant to further mutation.
You are robust. (+10% HP)


Message History

The two-headed ogre is almost dead.
The two-headed ogre hits you with a +0 giant spiked club.
The two-headed ogre misses you.
You sock the two-headed ogre! You headbutt the two-headed ogre.
You kill the two-headed ogre!
Makhleb accepts your kill.
Magic restored.
HP restored.
You see here a +0 leather armour of fire resistance.
The death knight shouts!
The death knight offers itself to Yredelemnul, and fills with unholy energy.
The death knight completely misses you. You furiously retaliate!
You headbutt the death knight!
The death knight reflects your damage back at you!
You bludgeon the death knight!! You drain the death knight!
You headbutt the death knight, but do no damage.
The death knight is heavily wounded.
The death knight reflects your damage back at you!
You hear an angry hiss.
The death knight hits you with a +3 battleaxe!!
You closely miss the death knight.
The death knight is heavily wounded.
A komodo dragon comes into view.
You hit the death knight but do no damage.
The death knight is heavily wounded.
The death knight hits you with a +3 battleaxe!!
You are too injured to fight recklessly!
You feel very mighty all of a sudden.
The death knight hits you with a +3 battleaxe!
You bludgeon the death knight!! You drain the death knight.
The death knight is severely wounded.
The death knight reflects your damage back at you!
* * * LOW HITPOINT WARNING * * *
The death knight hits you with a +3 battleaxe!!
* * * LOW HITPOINT WARNING * * *
Unknown command.
You closely miss the death knight. You headbutt the death knight!
The death knight is almost dead.
The death knight reflects your damage back at you!
You die...

# ......... #. .........
.#.##.##..$.....
........#.....l.........
.......(#......p.................
................@................
.........#......................#
.........#.......................
...............<.................
.....................[...........
..............................#..
..............>####......#....#..
.........#......# #......(.##....
.......###.....####........##....


You could see a death knight (reflects damage, drained) and a komodo dragon.

Vanquished Creatures
  2 two-headed ogres
  2 phantasmal warriors
  An orc knight (D:10)
  A komodo dragon (D:6)
  A troll (D:10)
  A hornet (D:9)
  Grinder (D:3)
  A dream sheep (D:9)
  2 shadows (D:9)
  Sigmund (D:3)
  12 yaks
  2 wraiths (D:10)
  3 wargs (D:9)
  Edmund (D:6)
  Duvessa (D:6)
  A sky beast (D:6)
  4 orc warriors
  9 centaurs
  2 ogres
  4 kobold brigands
  4 bullfrogs
  5 scorpions
  A gnoll sergeant (D:7)
  7 wights
  A jelly (D:4)
  Dowan (D:6)
  3 killer bees (D:9)
  3 howler monkeys (D:7)
  5 hounds
  A gnoll bouda (D:9)
  9 orc priests
  2 iguanas
  Jessica (D:3)
  8 orc wizards
  8 adders
  9 gnolls
  A shadow imp (D:7)
  2 white imps
  An ufetubus (D:4)
  3 worms
  4 dart slugs
  17 orcs
  7 endoplasms
  5 giant cockroaches
  5 goblins
  10 hobgoblins
  11 jackals (D:1)
  26 kobolds
  7 quokkas
  3 training dummies (D:6)
  2 ball pythons
  4 bats
  5 frilled lizards
  4 rats
237 creatures vanquished.

Notes
Turn   | Place    | Note
-------+----------+-------------------------------------------
     0 | D:1      | Icepheonix32 the Minotaur Fighter began the quest for the
                  | Orb.
     0 | D:1      | Reached XP level 1. HP: 19/19 MP: 0/0
   169 | D:1      | Reached XP level 2. HP: 22/27 MP: 1/1
   708 | D:1      | Reached XP level 3. HP: 30/33 MP: 2/2
   956 | D:2      | Found a faded altar of an unknown god.
  1003 | D:2      | Identified the +4 pair of boots of a Hundred Demons {+Inv
                  | Dex+6 Slay+2}
  1127 | D:2      | Found an opulent altar of Gozag.
  1271 | D:2      | Identified the ring "Kammyorgh" {+Blink Will- Int+3 Dex+6}
  1567 | D:3      | Reached XP level 4. HP: 40/41 MP: 3/3
  1600 | D:3      | Noticed Grinder
  1608 | D:3      | Killed Grinder
  1609 | D:3      | Reached skill level 5 in Fighting
  1609 | D:3      | Reached skill level 5 in Axes
  1609 | D:3      | Reached skill level 1 in Dodging
  1609 | D:3      | Reached skill level 1 in Evocations
  1609 | D:3      | Reached XP level 5. HP: 47/48 MP: 4/4
  1727 | D:3      | Reached XP level 6. HP: 56/56 MP: 5/5
  1967 | D:3      | Noticed Jessica
  1969 | D:3      | Killed Jessica
  2306 | D:3      | Noticed Sigmund
  2321 | D:3      | Killed Sigmund
  2322 | D:3      | Reached XP level 7. HP: 49/61 MP: 6/6
  3587 | D:5      | Entered Level 5 of the Dungeon
  3606 | D:5      | Reached skill level 5 in Armour
  3611 | D:5      | Reached skill level 5 in Shields
  3670 | D:5      | Found a glowing silver altar of Zin.
  3757 | D:5      | Reached XP level 8. HP: 70/70 MP: 7/7
  3767 | D:5      | Found a broken altar of Ashenzari.
  3801 | D:5      | Reached skill level 1 in Maces & Flails
  4038 | D:5      | Found Jareafyj's Magic Scroll Shoppe.
  4102 | D:5      | Bought a scroll of noise for 14 gold pieces
  4417 | D:5      | Bought a scroll of brand weapon for 133 gold pieces
  4571 | D:6      | Noticed a komodo dragon
  4579 | D:6      | Killed a komodo dragon
  4671 | D:6      | Noticed Dowan
  4672 | D:6      | Noticed Duvessa
  4682 | D:6      | Killed Duvessa
  4690 | D:6      | Killed Dowan
  4932 | D:6      | Found Reuhin's Firing Range.
  4986 | D:6      | Noticed Edmund
  4990 | D:6      | Killed Edmund
  4991 | D:6      | Reached XP level 9. HP: 71/79 MP: 5/8
  5174 | D:6      | Found a staircase to the Ecumenical Temple.
  5182 | Temple   | Entered the Ecumenical Temple
  5207 | Temple   | Became a worshipper of Makhleb the Destroyer
  5270 | D:7      | Reached skill level 5 in Maces & Flails
  5608 | D:7      | Reached skill level 5 in Evocations
  5623 | D:7      | Found Mixizuw's Weapon Emporium.
  5784 | D:5      | Bought a scroll of enchant weapon for 105 gold pieces
  5784 | D:5      | Bought a scroll of enchant weapon for 105 gold pieces
  5791 | D:5      | Gained mutation: You are robust. (+10% HP) [potion of
                  | mutation]
  5791 | D:5      | Gained mutation: Armour fits poorly on your strangely
                  | shaped body. [potion of mutation]
  5791 | D:5      | Gained mutation: You are agile. (Dex +4, Str/Int -1)
                  | [potion of mutation]
  5791 | D:5      | Gained mutation: You are somewhat resistant to further
                  | mutation. [potion of mutation]
  6539 | D:8      | Reached XP level 10. HP: 91/99 MP: 7/9
  6815 | D:8      | Got Nalepp's Exposition on Blows and Bruises
  7472 | D:9      | Found the +5 robe of Night {Dark Will+ SInv}
  7480 | D:9      | Reached * piety under Makhleb
  7606 | D:9      | Found a basalt altar of Yredelemnul.
  7627 | D:9      | Found a sacrificial altar of Ru.
  7670 | D:9      | Found a radiant altar of Vehumet.
  7998 | D:9      | Found a staircase to the Lair.
  8234 | D:9      | Reached ** piety under Makhleb
  8624 | D:10     | Entered Level 10 of the Dungeon
  8771 | D:10     | Reached skill level 1 in Stealth
  8823 | D:10     | Noticed a two-headed ogre
  8832 | D:10     | Killed a two-headed ogre
  8833 | D:10     | Reached skill level 5 in Dodging
  8868 | D:10     | Noticed an orc knight
  9138 | D:10     | Killed an orc knight
  9139 | D:10     | Reached skill level 10 in Fighting
  9139 | D:10     | Reached XP level 11. HP: 107/108 MP: 10/10
  9175 | D:10     | Found an iron altar of Okawaru.
  9175 | D:10     | Found a bloodstained altar of Trog.
  9465 | D:10     | Reached skill level 10 in Maces & Flails
  9658 | D:11     | Noticed a phantasmal warrior
  9667 | D:11     | Killed a phantasmal warrior
  9711 | D:11     | Noticed a phantasmal warrior
  9713 | D:11     | Noticed a death knight
  9726 | D:10     | Killed a phantasmal warrior
 10025 | D:11     | Noticed a two-headed ogre
 10035 | D:11     | Killed a two-headed ogre
 10135 | D:11     | Killed by mirror damage

Illustrated notes

Levels and vault maps discovered:
D:1:      nicolae_arrival_washed_ashore, layout_basic
D:2:      layout_basic, nicolae_ecumenical_pavilion, basic_altar,
          nrook_mini_vaults
D:3:      layout_basic, uniq_crazy_yiuf_cottage, uniq_jessica, uniq_sigmund,
          uniq_grinder
D:4:      layout_basic, amethyst_killhole, minmay_goblin_kobold_house
D:5:      layout_rooms, evilmike_ruin_ashenzari,
          mainiacjoe_overflow_cross_hatched, serial_glass, glass_columns_a,
          glass_columns_a, minmay_strange_pillars, minmay_strange_pillars,
          due_unseen_surprise, minmay_strange_pillars, serial_shops,
          nicolae_inconvenience_store
D:6:      layout_cave_pools, minmay_temple_entry_hall,
          nicolae_shop_firing_range, uniq_edmund, uniq_duvessa
D:7:      layout_loops_ring, serial_shops, nicolae_take_the_stairs
D:8:      layout_layer_cave
D:9:      layout_roguey, grunt_temple_overflow_open, erik_lair_orcish_takeover,
          hellmonk_guarded_unrand_night
D:10:     layout_long_grid, grunt_temple_overflow_bloody_war
D:11:     layout_cave_pools, erik_orc_4
Temple:   hellmonk_temple_two_chambers

Skill      XL: |  1  2  3  4  5  6  7  8  9 10 11 |
---------------+----------------------------------+-----
Fighting       | 4 5 6 7 8 10 | 10.6
Shields        | 4 5 6 7 |  7.0
Axes           | 3 5 6 7 |  7.4
Armour         | 4 5 6 7 |  7.3
Dodging        | 1 2 3 5 6 |  6.2
Evocations     | 1 2 4 5 6 |  6.7
Maces & Flails | 4 7 9 10 | 10.4
Stealth        | 1 |  1.6

Action                   |  1- 3 |  4- 6 |  7- 9 | 10-12 || total
-------------------------+-------+-------+-------+-------++-------
Melee: War axe           |    95 |    53 |    60 |       ||   208
       Headbutt          |     9 |     7 |    50 |    47 ||   113
       Flail             |       |       |   146 |   180 ||   326
       Dire flail        |       |       |       |     1 ||     1
Evoke: Wand              |       |       |     1 |       ||     1
  Use: Potion            |       |     1 |     6 |     1 ||     8
       Scroll            |       |       |    11 |    11 ||    22
 Stab: Invisible         |       |       |     1 |       ||     1
       Sleeping          |       |       |       |     1 ||     1
Armor: Scale mail        |    55 |    31 |    91 |     9 ||   186
       Robe              |       |       |       |    42 ||    42
Dodge: Dodged            |    47 |    16 |    86 |   132 ||   281
Block: Buckler           |    26 |    14 |    62 |    62 ||   164
